 Dungeon Crawl Stone Soup version 0.31-a0-4-gefa6de2278 (webtiles) character file.

Game seed: 5745966585140346912

634100 Lobster4 the Metallomancer (level 26, 0/148 HPs)
             Began as a Deep Elf Conjurer on May 3, 2023.
             Was the Champion of Vehumet.
             Slain by a yellow draconian
             ... wielding a +0 war axe
              (21 damage)
             ... on level 3 of the Realm of Zot on May 5, 2023.
             The game lasted 05:45:48 (100641 turns).

Lobster4 the Metallomancer (Deep Elf Conjurer)    Turns: 100641, Time: 05:45:49

Health: 0/148      AC: 18    Str:  6    XL:     26   Next: 87%
Magic:  45/69      EV: 18    Int: 33    God:    Vehumet [******]
Gold:   9601       SH: 21    Dex: 13    Spells: 1/69 levels left

rFire   + + .        i - staff of earth "Mowa" {rElec Will+}
rCold   + + +        P - +5 kite shield {rC+}
rNeg    + . .        p - +3 leather armour of Tartarus {Fly Int+3}
rPois   +            z - +2 helmet {SInv}
rElec   +            Y - scarf {rC+ rF+}
rCorr   .            t - +3 pair of gloves of Foikk {MP+9 Slay+3}
SInv    +            K - +2 pair of boots {Stlth+}
Will    +++++        j - amulet of reflection
Stlth   ++++++       E - ring "Raje" {+Blink rPois rC+ Will++ Str-4}
HPRegen 0.44/turn    a - ring of Hyvvuik {rF+ rN+ MP+9}
MPRegen 0.41/turn

%: reflection
@: flying, slowed, studying 2 skills, very slow
A: frail 1, MP-powered wands
}: 4/15 runes: barnacled, slimy, silver, gossamer
a: Renounce Religion, Evoke Blink


You were on level 3 of the Realm of Zot.
You worshipped Vehumet.
Vehumet was exalted by your worship.
You visited 12 branches of the dungeon, and saw 55 of its levels.
You also visited: Ice Cave.

You collected 11508 gold pieces.
You spent 1907 gold pieces at shops.

Inventory:

Hand Weapons
 D - the +9 staff of Olgreb {rPois∞}
   (You found it on level 11 of the Dungeon)

   It enhances your poison magic.
   It grants immunity to poison.
   It can be activated via the 'a'bility menu to radiate toxic energy, with
   effectiveness depending on Evocations skill.
Missiles
 C - 53 poisoned darts (quivered)
 M - 7 curare-tipped darts
Armour
 m - the +2 cloak of the Thief {*Fog Slay-2 SInv Stlth+}
   (You found it on level 5 of the Vaults)

   *Fog:      It may release a thick cloud of smoke when the wearer is hurt.
   Slay:      It affects your accuracy & damage with ranged weapons and melee
   (-2).
   SInv:      It lets you see invisible.
   Stlth:     It makes you more stealthy.
 p - the +3 leather armour of Tartarus (worn) {Fly Int+3}
   (You found it on level 5 of the Vaults)

   Int:       It affects your intelligence (+3).
   Fly:       It grants you flight.
 q - a +2 robe of resistance
 t - the +3 pair of gloves of Foikk (worn) {MP+9 Slay+3}
   (You found it on level 4 of the Dungeon)

   Slay:      It affects your accuracy & damage with ranged weapons and melee
   (+3).
   MP:        It affects your magic capacity (+9).
 z - a +2 helmet of see invisible (worn)
 K - a +2 pair of boots of stealth (worn)
 P - a +5 kite shield of cold resistance (worn)
 Y - a scarf of resistance (worn)
Magical Staves
 e - the staff of death "Neigruij" {rF+ rN+ Will+}
   (You found it on level 4 of the Shoals)

   [staff of death]

   Base accuracy: +5 Base damage: 5 Base attack delay: 1.2 This weapon's minimum
   attack delay (0.6) is reached at skill level 12.
   rF:        It protects you from fire.
   rN:        It protects you from negative energy.
   Will:      It increases your willpower.
   It falls into the 'Staves' category.
   It is a one-handed weapon.
 i - the staff of earth "Mowa" (weapon) {rElec Will+}
   (You found it on level 5 of the Pits of Slime)

   [staff of earth]

   Base accuracy: +5 Base damage: 5 Base attack delay: 1.2 This weapon's minimum
   attack delay (0.6) is reached at skill level 12.
   rElec:     It insulates you from electricity.
   Will:      It increases your willpower.
   It falls into the 'Staves' category.
   It is a one-handed weapon.
Jewellery
 a - the ring of Hyvvuik (right hand) {rF+ rN+ MP+9}
   (You took it off a vampire on level 3 of the Crypt)

   [ring of positive energy]

   rF:        It protects you from fire.
   rN:        It protects you from negative energy.
   MP:        It affects your magic capacity (+9).
 h - the ring of Zilax {rElec rCorr Stlth+}
   (You bought it in a shop on level 5 of the Vaults)

   [ring of resist corrosion]

   rElec:     It insulates you from electricity.
   rCorr:     It protects you from acid and corrosion.
   Stlth:     It makes you more stealthy.
 j - an amulet of reflection (around neck)
 x - a ring of flight
 E - the ring "Raje" (left hand) {+Blink rPois rC+ Will++ Str-4}
   (You took it off a merfolk impaler on level 4 of the Shoals)

   [ring of protection from cold]

   Str:       It affects your strength (-4).
   rC:        It protects you from cold.
   rPois:     It protects you from poison.
   +Blink:    It lets you blink.
   Will:      It greatly increases your willpower.
 H - the ring "Wuh Sig" {rC+ MP+9 SInv}
   (You took it off a deep elf death mage on level 3 of the Elven Halls)

   [ring of see invisible]

   rC:        It protects you from cold.
   MP:        It affects your magic capacity (+9).
   SInv:      It lets you see invisible.
 T - an amulet of magic regeneration
 X - a ring of poison resistance
Wands
 v - a wand of roots (62)
 w - a wand of quicksilver (15)
 G - a wand of paralysis (60)
 I - a wand of flame (21)
 J - a wand of mindburst (37)
 V - a wand of digging (28)
Scrolls
 c - 12 scrolls of immolation
 g - 9 scrolls of fog
 n - 5 scrolls of silence
 r - 3 scrolls of blinking
 A - 2 scrolls of amnesia
 B - 4 scrolls of magic mapping
 N - 9 scrolls of poison
 O - 9 scrolls of fear
 R - 15 scrolls of teleportation
Potions
 b - 4 potions of ambrosia
 d - 9 potions of haste
 f - 4 potions of invisibility
 k - 9 potions of mutation
 l - 24 potions of curing
 o - 7 potions of cancellation
 s - 3 potions of brilliance
 u - 11 potions of lignification
 L - 7 potions of berserk rage
 Q - 7 potions of heal wounds
 S - a potion of magic
 W - 8 potions of might
Miscellaneous
 y - a phantom mirror
 F - a tin of tremorstones (2/2)
 U - a phial of floods
 Z - a lightning rod (4/4)


   Skills:
 + Level 16.8 Fighting
 - Level 2.0(5.1) Short Blades
 - Level 6.8(7.0) Long Blades
 - Level 7.0 Staves
 - Level 3.0 Throwing
 - Level 8.0 Armour
 - Level 21.0 Dodging
 - Level 13.0 Stealth
 - Level 10.0 Shields
 + Level 22.4 Spellcasting
 + Level 19.5 Conjurations
 + Level 10.4 Summonings
 - Level 5.0 Necromancy
 - Level 5.0 Translocations
 - Level 5.0 Transmutations
 - Level 10.0 Fire Magic
 - Level 10.0 Air Magic
 * Level 23.7 Earth Magic
 + Level 13.9 Poison Magic
 - Level 10.0 Evocations


You had one spell level left.
You knew the following spells:

 Your Spells              Type           Power      Damage    Failure   Level
a - Magic Dart            Conj           100%       1d8       0%          1
b - Borgnjor's Vile Clut  Necr/Erth      57%        N/A       1%          5
c - Iron Shot             Conj/Erth      66%        9d12      1%          6
d - Lehudib's Crystal Sp  Conj/Erth      66%        10d15     1%          8
e - Iskenderun's Mystic   Conj/Tloc      87%        2d17      1%          4
f - Olgreb's Toxic Radia  Pois           92%        N/A       1%          4
g - Poisonous Vapours     Pois/Air       100%       N/A       1%          2
h - Ignite Poison         Fire/Tmut/Pois 79%        N/A       1%          3
i - Plasma Beam           Fire/Air       40%        2x1d59    3%          6
j - Spellforged Servitor  Conj/Summ      47%        N/A       2%          7
l - Lee's Rapid Deconstr  Erth           69%        3d31*     0%          5
m - Mephitic Cloud        Conj/Pois/Air  93%        N/A       1%          3
n - Stone Arrow           Conj/Erth      100%       3d13      0%          3
p - Passwall              Tmut/Erth      95%        N/A       1%          2
s - Shatter               Erth           69%        3d51*     9%          9

Your spell library contained the following spells:

 Spells                   Type           Power      Damage    Failure   Level
 Ignition                 Fire           40%        3d12      77%         8
 Foxfire                  Conj/Fire      100%       2x1d9     0%          1
 Sandblast                Erth           100%       2d20      0%          1
 Beastly Appendage        Tmut           100%       N/A       1%          1
 Freeze                   Ice            100%       1d10      1%          1
 Kiss of Death            Conj/Necr      100%       2d13      1%          1
 Necrotise                Necr           100%       1d9       1%          1
 Sting                    Tmut/Pois      100%       1d8       1%          1
 Searing Ray              Conj           100%       2d8       0%          2
 Blink                    Tloc           100%       N/A       1%          2
 Call Imp                 Summ           100%       N/A       1%          2
 Cigotuvi's Dreadful Rot  Necr/Pois/Air  100%       N/A       1%          2
 Lesser Beckoning         Tloc           100%       N/A       1%          2
 Momentum Strike          Conj/Tloc      100%       3d10      1%          2
 Scorch                   Fire           100%       2d9       1%          2
 Sublimation of Blood     Necr           63%        N/A       1%          2
 Wereblood                Tmut           63%        N/A       1%          2
 Call Canine Familiar     Summ           81%        N/A       1%          3
 Dazzling Flash           Conj/Hex       100%       N/A       1%          3
 Gell's Gravitas          Tloc           63%        N/A       1%          3
 Hailstorm                Conj/Ice       79%        3d16      1%          3
 Inner Flame              Hex/Fire       63%        N/A       1%          3
 Spider Form              Tmut/Pois      79%        N/A       1%          3
 Summon Guardian Golem    Hex/Summ       63%        N/A       1%          3
 Swiftness                Air            80%        N/A       1%          3
 Teleport Other           Tloc           63%        N/A       1%          3
 Vampiric Draining        Necr           63%        2d10      1%          3
 Vhi's Electric Charge    Tloc/Air       100%       N/A       1%          3
 Airstrike                Air            40%        2d(6-22)  1%          4
 Animate Armour           Summ/Erth      100%       N/A       1%          4
 Flame Wave               Conj/Fire      94%        2d20      1%          4
 Fulminant Prism          Conj/Hex       39%        3d18      1%          4
 Leda's Liquefaction      Hex/Erth       53%        N/A       1%          4
 Sticky Flame             Conj/Fire      94%        2d10      1%          4
 Summon Lightning Spire   Summ/Air       81%        N/A       1%          4
 Arcjolt                  Conj/Air       47%        1d57      1%          5
 Fireball                 Conj/Fire      47%        3d19      1%          5
 Freezing Cloud           Conj/Ice/Air   40%        6-21      1%          5
 Iskenderun's Battlesphe  Conj           100%       2d15      1%          5
 Conjure Ball Lightning   Conj/Air       47%        3x3d16    1%          6
 Starburst                Conj/Fire      47%        6d13      1%          6
 Statue Form              Tmut/Erth      76%        N/A       1%          6
 Orb of Destruction       Conj           52%        9d13      1%          7
 Alistair's Intoxication  Tmut/Pois      52%        N/A       2%          5
 Frozen Ramparts          Ice            74%        1d12      4%          3
 Eringya's Noxious Bog    Tmut/Pois      39%        N/A       4%          6
 Portal Projectile        Hex/Tloc       100%       N/A       5%          3
 Animate Dead             Necr           63%        N/A       6%          4
 Dispel Undead            Necr           63%        3d22      6%          4
 Manifold Assault         Tloc           63%        N/A       6%          4
 Passage of Golubria      Tloc           63%        N/A       6%          4
 Summon Ice Beast         Ice/Summ       63%        N/A       6%          4
 Summon Forest            Summ/Tloc      36%        N/A       6%          5
 Ensorcelled Hibernation  Hex/Ice        74%        N/A       8%          2
 Summon Cactus Giant      Summ           40%        N/A       11%         6
 Yara's Violent Unravell  Hex/Tmut       26%        3d11      13%         5
 Ozocubu's Armour         Ice            37%        N/A       16%         3
 Tukima's Dance           Hex            37%        N/A       16%         3
 Summon Mana Viper        Hex/Summ       63%        N/A       17%         5
 Anguish                  Hex/Necr       26%        N/A       19%         4
 Ice Form                 Ice/Tmut       52%        N/A       19%         4
 Agony                    Necr           63%        N/A       19%         5
 Blade Hands              Tmut           31%        N/A       19%         5
 Cause Fear               Hex            18%        N/A       45%         4
 Monstrous Menagerie      Summ           40%        N/A       52%         7
 Summon Hydra             Summ           40%        N/A       52%         7
 Death Channel            Necr           31%        N/A       69%         6
 Dispersal                Tloc           31%        N/A       69%         6
 Maxwell's Capacitive Co  Air            40%        ∞         77%         8
 Haunt                    Necr/Summ      36%        N/A       88%         7
 Malign Gateway           Summ/Tloc      36%        N/A       88%         7
 Storm Form               Tmut/Air       36%        N/A       89%         7
 Chain Lightning          Conj/Air       47%        3d62      94%         9
 Fire Storm               Conj/Fire      47%        8d12      94%         9
 Simulacrum               Ice/Necr       26%        N/A       95%         6
 Dragon Form              Tmut           31%        N/A       99%         7
 Summon Horrible Things   Summ           40%        N/A       99%         8
 Enfeeble                 Hex            18%        N/A       100%        7
 Ozocubu's Refrigeration  Ice            18%        4d11      100%        7
 Borgnjor's Revivificati  Necr           31%        N/A       100%        8
 Disjunction              Tloc           31%        N/A       100%        8
 Infestation              Necr           31%        N/A       100%        8
 Necromutation            Tmut/Necr      31%        N/A       100%        8
 Death's Door             Necr           31%        N/A       100%        9
 Dragon's Call            Summ           40%        N/A       100%        9


Dungeon Overview and Level Annotations

Branches:
Dungeon (15/15)            Temple (1/1) D:4            Lair (5/5) D:8
 Shoals (4/4) Lair:3       Spider (4/4) Lair:3        Slime (5/5) Lair:5
    Orc (2/2) D:12            Elf (3/3) Orc:2        Vaults (5/5) D:13
  Crypt (3/3) Vaults:2       Tomb (0/3) Crypt:3      Depths (4/4) D:15
    Zot (4/5) Depths:4      IceCv (visited)

Altars:
Ashenzari
Cheibriados
Dithmenos
Elyvilon
Fedhas
Gozag
Hepliaklqana
Kikubaaqudgha
Makhleb
Nemelex Xobeh
Okawaru
Qazlal
Ru
Sif Muna
Trog
Uskayaw
Vehumet
Wu Jian
Xom
Yredelemnul
Zin
The Shining One
Jiyva

Shops:
D:4 [   D:5 [   D:8 !   Orc:2 ::((   Vaults:1 (   Vaults:5 [=   Depths:2 (
Depths:3 *

Portals:
Hell: Depths:1 Depths:2 Depths:3 Depths:4
Abyss: Depths:3
Pandemonium: Depths:2
Ziggurat: Depths:2

Annotations:
Crypt:2 2 transporters
Depths:1 3 runed translucent doors, Camaan's ghost, adept DgCj


Innate Abilities, Weirdness & Mutations

You are frail. (-10% HP)
You expend magic power (3 MP) to strengthen your wands.


Message History

There is a stone staircase leading up here.
Casting: Iskenderun's Mystic Blast (safe; 1% risk of failure)
Confirm with . or Enter, or press ? or * to list all spells.
You erupt in a blast of force!
The mystic blast hits the yellow draconian.
The yellow draconian is moderately wounded.
The yellow draconian is knocked back by the mystic blast.
The yellow draconian collides with the moth of wrath!
The moth of wrath is almost dead.
The yellow draconian is moderately wounded.
The mystic blast hits the death cob!
The death cob is heavily damaged.
The death cob is knocked back by the mystic blast.
You are no longer corroded.
The moth of wrath goads the yellow draconian on!
The yellow draconian goes berserk!
Unknown command.
Casting: Iskenderun's Mystic Blast (safe; 1% risk of failure)
Confirm with . or Enter, or press ? or * to list all spells.
You erupt in a blast of force!
The mystic blast hits the yellow draconian!!
The yellow draconian is heavily wounded.
The yellow draconian is knocked back by the mystic blast.
The yellow draconian collides with the moth of wrath!
The moth of wrath is almost dead.
The yellow draconian is severely wounded.
The mystic blast hits the death cob!
The death cob is severely damaged.
The death cob is knocked back by the mystic blast.
Unknown command.
The death cob misses you. You block the death cob's attack. x2
The yellow draconian hits you with a +0 war axe!!
* * * LOW HITPOINT WARNING * * *
The death cob hits you!
* * * LOW HITPOINT WARNING * * *
The death cob drains your vigour!
You feel as though you will be slow longer.
You block the moth of wrath's attack.
The yellow draconian hits you with a +0 war axe!!
You die...

####.##....)......,,,,,,,,*
......'.................,,*
.######.......[.........,,*
.# #.................,,* .#
#.................,,* .#
#.................,,* .####
#.................,,*
....###.................,,*
.##...'........z@.......,,*
.#*,###........yd.......,,*
.†,,* #.........########*,*
#.#,* #.........###~~~~~*,*
*.#,* ######d#'.###~~~~~*,*
*.#,* #.†.....#.###~~~~~*,*
*.#,* #.......#.###~~~~~*,*
*,*,**#.......#.########*,*
*,*,,,+<......#.......,,,,*


You could see a black draconian, a yellow draconian (berserk), a death cob and a
moth of wrath.

Vanquished Creatures
  the Royal Jelly (Slime:5)
  An orb of fire (Zot:2)
  Bai Suzhen (Vaults:2)
  The ghost of Esoocrirph the Executioner, a veteran NaFi of Hepliaklqana (Vaults:4)
  3 curse toes
  The ghost of Joextigh the Crack Shot, a veteran KoHu of Okawaru (Vaults:4)
  The ghost of Joextigh the Crack Shot, a veteran KoHu of Okawaru (Vaults:3)
  The ghost of Joextigh the Crack Shot, a veteran KoHu of Okawaru (Vaults:3)
  4 caustic shrikes (Depths:3)
  7 golden dragons
  The ghost of Yptir the Protected, an adept AtFE of Vehumet (Vaults:4)
  A profane servitor (Crypt:3)
  A bone dragon (Depths:4)
  An iron giant (shapeshifter) (Vaults:3)
  4 electric golems (Zot:2)
  Jorgrun (Shoals:3)
  3 liches
  14 tentacled monstrosities
  2 quicksilver dragons
  10 titans
  2 deep elf blademasters (Elf:3)
  2 deep elf master archers
  5 death cobs
  The ghost of Iluymox the Imperceptible, an adept KoBr of Hepliaklqana (Vaults:4)
  22 acid blobs
  5 sphinxes
  A kraken (Shoals:3)
  The ghost of Pileu the Eclecticist, an adept DsFE of Sif Muna (Vaults:4)
  The ghost of Pileu the Eclecticist, an adept DsFE of Sif Muna (Vaults:4)
  8 storm dragons
  10 ancient champions
  Donald (Shoals:3)
  13 azure jellies
  9 rockslimes
  8 tengu reavers
  7 revenants
  4 draconian knights
  A draconian monk (Zot:2)
  5 shadow dragons
  7 fire giants
  The ghost of Kilowitz the Fighter, a journeyman MiFi of Okawaru (Spider:2)
  16 vault wardens
  7 deep elf sorcerers
  6 emperor scorpions
  8 ghost moths
  4 iron dragons
  10 frost giants
  Aizul (Vaults:2)
  3 draconian stormcallers
  6 deep elf elementalists (Elf:3)
  A balrug (Depths:3)
  16 quicksilver oozes
  11 stone giants
  2 curse skulls
  3 broodmothers
  17 ironbound preservers
  3 ironbound thunderhulks
  2 spriggan defenders (Depths:2)
  3 war gargoyles (Vaults:5)
  9 ghouls
  A caustic shrike skeleton (Crypt:1)
  A reaper (Crypt:2)
  5 draconian annihilators
  23 very ugly things
  5 orc warlords
  12 deep elf demonologists
  9 vampire knights
  10 deep elf annihilators
  10 green draconians
  5 dire elephants
  3 black draconians
  8 yellow draconians
  A spark wasp (Spider:2)
  8 red draconians
  13 white draconians
  5 purple draconians
  6 eidola
  Snorg (D:12)
  10 ettins
  11 deep elf death magi
  11 merfolk impalers
  10 jiangshi
  5 merfolk javelineers
  A fenstrider witch zombie (Crypt:1)
  22 yaktaur captains
  13 entropy weavers
  13 deep elf high priests
  4 fire dragons
  A rakshasa (Depths:3)
  6 hydras
  A hydra (shapeshifter) (Vaults:5)
  11 great orbs of eyes
  30 vault guards
  8 ice dragons
  A catoblepas (Lair:5)
  2 peacekeepers
  An elf skeleton (Crypt:1)
  5 jorogumos
  A radroach (Spider:4)
  A bennu zombie (Crypt:2)
  9 ironbound frosthearts
  3 spriggan air magi
  A merfolk avatar (Shoals:2)
  4 ogre magi
  The ghost of Keluf the Fighter, a journeyman GrFi of the Shining One (D:15)
  2 satyrs
  9 tengu warriors
  11 centaur warriors
  31 dancing weapons
  7 deep troll shamans
  2 alligators (D:13)
  2 death knights
  A fenstrider witch skeleton (Crypt:2)
  19 two-headed ogres
  7 boulder beetles
  8 vampire magi
  Erica (D:11)
  9 deep troll earth magi
  5 merfolk aquamancers
  10 death yaks
  A spectral emperor scorpion (Spider:4)
  2 orc high priests
  9 death scarabs (Spider:4)
  A titan zombie (Crypt:3)
  A spriggan berserker (Depths:1)
  A soul eater (Depths:2)
  A storm dragon zombie (Crypt:1)
  Nergalle (Lair:2)
  3 sun demons
  16 hell knights
  11 pharaoh ants
  2 sun moths
  17 deep elf knights
  A goliath frog (Lair:5)
  7 skysharks
  A salamander mystic (Depths:2)
  10 iron trolls
  44 skeletal warriors
  4 flayed ghosts
  13 sea snakes
  56 deep trolls
  8 orb spiders
  The ghost of TrollFarmer the Jinx, a novice SpEn of Kikubaaqudgha (Lair:1)
  8 glowing orange brains
  3 bog bodies
  10 wizards
  2 spectral wolf spiders (Spider:4)
  11 steelbarb worms
  An orange crystal statue (IceCv)
  A spriggan simulacrum (Crypt:3)
  20 ironbound convokers
  10 deep elf archers
  3 wolf spider zombies (Spider:4)
  A bunyip skeleton (Crypt:3)
  11 necromancers
  9 phantasmal warriors
  33 harpies
  32 deep elf zephyrmancers
  3 lindwurms
  13 orc knights
  41 deep elf pyromancers
  A fire giant zombie (Crypt:3)
  3 shining eyes
  56 ugly things
  9 fauns
  12 manticores
  13 cyclopes
  28 wolf spiders
  5 orc sorcerers
  A salamander (shapeshifter) (Vaults:4)
  3 salamanders (Depths:2)
  A dire elephant zombie (Crypt:3)
  33 moths of wrath
  2 iron dragon skeletons
  A guardian serpent (shapeshifter) (Vaults:5)
  13 water nymphs
  13 demonic crawlers
  8 merfolk sirens
  9 black mambas
  21 vault sentinels
  24 cane toads
  2 eyes of devastation
  A shock serpent skeleton (Crypt:3)
  2 smoke demons
  A dire elephant skeleton (Crypt:3)
  A naga skeleton (Crypt:1)
  Maggie (D:7)
  3 gargoyles
  6 torpor snails
  An unseen horror (shapeshifter) (Elf:1)
  A hellion (Depths:2)
  20 rime drakes
  22 yaktaurs
  An unseen horror (D:11)
  A spectral redback (Spider:4)
  6 komodo dragons
  An efreet (D:14)
  A steelbarb worm zombie (Crypt:2)
  6 guardian mummies
  3 freezing wraiths
  A sea snake zombie (Crypt:2)
  A grey draconian skeleton (Crypt:3)
  A redback zombie (Spider:4)
  4 tengu conjurers
  A black draconian skeleton (Crypt:1)
  6 meliai
  30 tarantellas
  A harpy zombie (Crypt:1)
  18 merfolk
  A troll (shapeshifter) (Elf:2)
  8 wind drakes
  25 polar bears
  A spectral culicivora (Spider:4)
  3 spectral jumping spiders (Spider:4)
  5 trolls
  3 hornets (D:11)
  3 spectral tarantellas (Spider:4)
  7 snapping turtles
  An ettin zombie (Crypt:1)
  3 tyrant leeches (Lair:5)
  72 slime creatures
  5 dream sheep
  2 tarantella zombies (Spider:4)
  31 blink frogs
  3 jumping spider zombies (Spider:4)
  9 air elementals
  A naga simulacrum (Crypt:3)
  A wyvern (shapeshifter) (Vaults:5)
  29 water elementals
  29 culicivoras
  A black mamba zombie (Crypt:2)
  26 jumping spiders
  2 shadows
  7 wraiths
  5 vampires
  5 basilisks
  2 wyverns (D:8)
  5 fire elementals
  48 yaks
  5 steam dragons
  8 vampire mosquitoes
  2 black mamba skeletons (Crypt:1)
  25 golden eyes
  62 redbacks
  A warg (shapeshifter) (Vaults:5)
  A merfolk zombie (Crypt:1)
  2 wargs (Orc:1)
  2 hell hounds (D:13)
  An acid dragon (D:11)
  3 floating eyes
  3 sky beasts
  17 water moccasins
  A cane toad skeleton (Crypt:2)
  8 black bears
  51 orc warriors
  A swamp dragon zombie (Crypt:1)
  The ghost of 13Fox the Shooter, an amateur MiHu (D:3)
  An elephant zombie (Crypt:2)
  13 ogres
  A wolf (shapeshifter) (Vaults:5)
  10 wolves
  A lindwurm skeleton (Crypt:2)
  32 centaurs
  3 kobold brigands
  19 bullfrogs
  2 gnoll sergeants (D:7)
  An earth elemental (Elf:2)
  A cyclops zombie (Crypt:2)
  9 scorpions
  2 necrophages (Crypt:3)
  9 wights
  18 killer bees
  A troll zombie (Crypt:1)
  A shapeshifter skeleton (Crypt:3)
  5 howler monkeys
  2 electric eels (Lair:4)
  4 quasits (D:4)
  13 orc priests
  9 hounds
  3 jellies
  A gnoll bouda (D:6)
  29 orc wizards
  8 iguanas
  2 hell rats (D:13)
  Terence (D:2)
  A statue (D:9)
  A sky beast zombie (Crypt:2)
  An acid dragon zombie (Crypt:3)
  A hound zombie (Crypt:2)
  2 mummies (Crypt:2)
  Robin (D:4)
  8 adders
  21 gnolls
  A howler monkey skeleton (Crypt:3)
  5 river rats
  2 shadow imps
  A white imp (D:7)
  3 ufetubi
  An iguana zombie (Crypt:2)
  2 worms (D:3)
  2 dart slugs
  90 orcs
  8 ball pythons
  6 bats
  2 endoplasms
  11 giant cockroaches
  11 hobgoblins
  10 jackals
  3 quokkas
  7 frilled lizards
  A gnoll skeleton (Crypt:3)
  17 goblins
  A jackal skeleton (Crypt:2)
  20 kobolds
  A quokka skeleton (Crypt:1)
  8 rats
2546 creatures vanquished.

Vanquished Creatures (collateral kills)
  A Killer Klown (Zot:2)
  A green draconian (Zot:2)
  A white draconian (Zot:2)
  A yellow draconian (Zot:2)
  A yak (Lair:3)
5 creatures vanquished.

Vanquished Creatures (others)
  2 bushes (D:8)
  40 fungi
  170 plants
  25 withered plants (Lair:5)
237 creatures vanquished.

Grand Total: 2788 creatures vanquished

Notes
Turn   | Place    | Note
-------+----------+-------------------------------------------
     0 | D:1      | Lobster4 the Deep Elf Conjurer began the quest for the Orb.
     0 | D:1      | Reached XP level 1. HP: 10/10 MP: 6/6
   348 | D:1      | Reached XP level 2. HP: 15/15 MP: 4/8
   683 | D:1      | Learned a level 2 spell: Searing Ray
   888 | D:1      | Found a faded altar of an unknown god.
  1406 | D:2      | Reached skill level 1 in Earth Magic
  1406 | D:2      | Reached XP level 3. HP: 20/20 MP: 4/9
  1629 | D:2      | Noticed Terence
  1960 | D:3      | Learned a level 3 spell: Stone Arrow
  2130 | D:3      | Reached skill level 1 in Poison Magic
  2195 | D:3      | Reached XP level 4. HP: 24/24 MP: 2/11
  2499 | D:3      | Reached skill level 1 in Armour
  2592 | D:3      | Reached skill level 1 in Fighting
  2592 | D:3      | Reached skill level 1 in Short Blades
  2779 | D:3      | Noticed a scorpion
  2784 | D:3      | Learned a level 2 spell: Poisonous Vapours
  2838 | D:3      | Reached XP level 5. HP: 29/29 MP: 9/12
  3141 | D:3      | Found a large runed translucent door.
  3141 | D:3      | Found a large runed translucent door.
  3148 | D:3      | Noticed 13Fox's ghost (amateur MiHu)
  3634 | D:4      | Reached skill level 2 in Earth Magic
  3634 | D:4      | Reached XP level 6. HP: 34/34 MP: 4/13
  3761 | D:4      | Found Xodde's Armour Boutique.
  3822 | D:4      | Noticed Robin
  3957 | D:4      | Killed Robin
  4115 | D:4      | Reached skill level 5 in Conjurations
  4144 | D:4      | Found a basalt altar of Yredelemnul.
  4148 | D:4      | Found a shadowy altar of Dithmenos.
  4150 | D:4      | Found a shimmering altar of Xom.
  4153 | D:4      | Found a sacrificial altar of Ru.
  4199 | D:4      | Identified the +3 pair of gloves of Foikk {MP+9 Slay+3}
  4254 | D:4      | Found a bloodstained altar of Trog.
  4349 | D:4      | Found an ornate altar of the Wu Jian Council.
  4411 | D:4      | Found a staircase to the Ecumenical Temple.
  4422 | Temple   | Entered the Ecumenical Temple
  4534 | D:4      | Found a shimmering blue altar of Sif Muna.
  4554 | D:4      | Reached skill level 1 in Air Magic
  4745 | D:5      | Entered Level 5 of the Dungeon
  4924 | D:5      | Reached XP level 7. HP: 39/39 MP: 12/15
  4952 | D:5      | Found a hide-covered altar of Uskayaw.
  4952 | D:5      | Found a stormy altar of Qazlal.
  5065 | D:5      | Reached skill level 1 in Throwing
  5147 | D:5      | Reached skill level 1 in Evocations
  5550 | D:5      | Found Wauhugu's Antique Armour Shop.
  5597 | D:4      | Bought a +0 helmet of see invisible for 126 gold pieces
  5884 | D:5      | Reached skill level 3 in Earth Magic
  5884 | D:5      | Reached XP level 8. HP: 43/44 MP: 10/17
  6457 | D:5      | Reached skill level 5 in Spellcasting
  6927 | D:5      | Reached skill level 5 in Stealth
  7212 | D:5      | Found Wauhugu's Antique Armour Shop.
  7317 | D:5      | Found a hide-covered altar of Uskayaw.
  7318 | D:5      | Found a stormy altar of Qazlal.
  7740 | D:6      | Reached skill level 5 in Dodging
  7748 | D:6      | Reached XP level 9. HP: 49/49 MP: 10/19
  7863 | D:6      | Learned a level 4 spell: Olgreb's Toxic Radiance
  8563 | D:7      | Noticed Maggie
  8587 | D:7      | Killed Maggie
  8588 | D:7      | Reached skill level 4 in Earth Magic
  8991 | D:7      | Reached skill level 1 in Staves
 10057 | D:8      | Learned a level 2 spell: Passwall
 10062 | D:8      | Learned a level 4 spell: Iskenderun's Mystic Blast
 10212 | D:8      | Reached skill level 1 in Shields
 10223 | D:8      | Reached XP level 10. HP: 56/56 MP: 9/21
 10398 | D:8      | Reached skill level 5 in Earth Magic
 10788 | D:8      | Found a staircase to the Lair.
 10901 | D:8      | Noticed a boulder beetle
 10914 | D:8      | Reached skill level 1 in Translocations
 11238 | D:8      | Reached skill level 5 in Poison Magic
 11362 | D:8      | Found Vecizuxeoto's Distillery.
 11628 | D:4      | Identified the +8 long sword "Defisad" {pain, Int+2}
 11686 | D:2      | Killed Terence
 11958 | D:9      | Noticed a two-headed ogre
 12271 | D:9      | Noticed a two-headed ogre
 12277 | D:9      | Killed a two-headed ogre
 12278 | D:9      | Reached skill level 1 in Long Blades
 12425 | D:8      | Reached XP level 11. HP: 32/62 MP: 0/24
 12682 | D:9      | Found a radiant altar of Vehumet.
 12689 | D:9      | Became a worshipper of Vehumet
 12775 | D:9      | Killed a two-headed ogre
 12976 | D:9      | Reached skill level 6 in Earth Magic
 13206 | D:10     | Entered Level 10 of the Dungeon
 14399 | D:11     | Noticed Erica
 14475 | D:11     | Killed Erica
 14553 | D:11     | Noticed a wolf spider
 14553 | D:11     | Noticed a wolf spider
 14553 | D:11     | Noticed a wolf spider
 14555 | D:11     | Found a runed translucent door.
 14555 | D:11     | Found a runed translucent gate.
 14555 | D:11     | Found a runed translucent gate.
 14601 | D:11     | Noticed a two-headed ogre
 14607 | D:11     | Killed a two-headed ogre
 14613 | D:11     | Noticed a red ugly thing
 14628 | D:11     | Found the +9 staff of Olgreb {rPois∞}
 14741 | Lair:1   | Entered Level 1 of the Lair of Beasts
 14761 | Lair:1   | Reached * piety under Vehumet
 14761 | Lair:1   | Offered knowledge of Foxfire by Vehumet.
 14808 | D:8      | Reached skill level 5 in Fighting
 15139 | Lair:1   | Found a burning altar of Makhleb.
 15159 | Lair:1   | Reached XP level 12. HP: 34/68 MP: 15/26
 15325 | Lair:1   | Reached skill level 7 in Earth Magic
 15511 | Lair:1   | Found a runed translucent gate.
 15511 | Lair:1   | Found a runed translucent gate.
 15511 | Lair:1   | Found a runed translucent gate.
 15512 | Lair:1   | Noticed TrollFarmer's ghost (novice SpEn)
 15571 | Lair:1   | Offered knowledge of Static Discharge by Vehumet.
 15575 | Lair:1   | Reached ** piety under Vehumet
 16224 | Lair:2   | You fall into a shaft and drop 2 floors!
 16249 | Lair:3   | Reached skill level 5 in Translocations
 16531 | D:4      | Bought a +1 pair of boots of stealth for 181 gold pieces
 16901 | Lair:2   | Offered knowledge of Mephitic Cloud by Vehumet.
 16925 | Lair:2   | Learned a level 3 spell: Mephitic Cloud
 17010 | Lair:2   | Noticed a six-headed hydra
 17021 | Lair:2   | Killed a six-headed hydra
 17258 | Lair:2   | Noticed Nergalle
 17265 | Lair:2   | Killed Nergalle
 17265 | Lair:2   | Reached *** piety under Vehumet
 17917 | Lair:3   | Reached XP level 13. HP: 74/74 MP: 15/28
 17988 | Lair:3   | Offered knowledge of Inner Flame by Vehumet.
 18075 | Lair:3   | Found a hole to the Spider Nest.
 18115 | Lair:3   | Found a staircase to the Shoals.
 19156 | Lair:4   | Reached **** piety under Vehumet
 19609 | Lair:4   | Reached skill level 10 in Spellcasting
 19609 | Lair:4   | Reached skill level 8 in Earth Magic
 19760 | Lair:4   | Reached skill level 5 in Evocations
 19762 | Lair:4   | Reached skill level 10 in Stealth
 19841 | Lair:4   | Offered knowledge of Arcjolt by Vehumet.
 19842 | Lair:4   | Reached skill level 5 in Shields
 19848 | Lair:4   | Learned a level 5 spell: Arcjolt
 20329 | Lair:5   | Entered Level 5 of the Lair of Beasts
 20329 | Lair:5   | Found a staircase to the Slime Pits.
 20329 | Lair:5   | Found a viscous altar of Jiyva.
 20430 | Lair:5   | Identified the +0 scale mail of Feasting {rElec Dex+3
                  | Stlth+}
 21116 | Lair:5   | Reached skill level 5 in Long Blades
 21146 | Lair:4   | Reached skill level 10 in Dodging
 21146 | Lair:4   | Reached XP level 14. HP: 76/80 MP: 10/30
 21185 | Lair:5   | Reached ***** piety under Vehumet
 21197 | Lair:5   | Offered knowledge of Conjure Ball Lightning by Vehumet.
 21365 | Lair:5   | Reached skill level 5 in Armour
 21417 | Lair:5   | Reached skill level 10 in Conjurations
 21905 | Lair:5   | Got the Secrets of Stones and the Tincture
 21981 | Lair:5   | Learned a level 6 spell: Iron Shot
 22511 | D:11     | Found a runed translucent door.
 22539 | D:11     | Found a runed translucent gate.
 22578 | D:11     | Reached skill level 9 in Earth Magic
 23706 | D:12     | Found a staircase to the Orcish Mines.
 23760 | D:12     | Learned a level 3 spell: Ignite Poison
 23772 | Orc:1    | Entered Level 1 of the Orcish Mines
 23772 | Orc:1    | Noticed an orc warlord
 23775 | Orc:1    | Offered knowledge of Lee's Rapid Deconstruction by Vehumet.
 23780 | Orc:1    | Killed an orc warlord
 23781 | Orc:1    | Reached skill level 5 in Air Magic
 24007 | Orc:1    | Identified the +3 chain mail "Deyfa" {rC+}
 24039 | Orc:1    | Noticed an orc warlord
 24045 | Orc:1    | Killed an orc warlord
 24319 | Orc:2    | Entered Level 2 of the Orcish Mines
 24332 | Orc:2    | Found a staircase to the Elven Halls.
 24742 | Orc:2    | Offered knowledge of Plasma Beam by Vehumet.
 24754 | Orc:2    | Reached XP level 15. HP: 86/86 MP: 12/32
 24996 | Orc:2    | Reached skill level 5 in Staves
 25658 | Orc:2    | Found Cuyst's Book Shop.
 25658 | Orc:2    | Found Soot's Antique Weapon Shoppe.
 25660 | Orc:2    | Found Kijath's Antique Weapon Emporium.
 25662 | Orc:2    | Found Qaped's Book Boutique.
 25741 | Orc:2    | Bought a bloodstained war axe for 289 gold pieces
 25741 | Orc:2    | Identified the +8 war axe of Calamity {heavy, Int+2} (You
                  | bought it in a shop on level 2 of the Orcish Mines)
 25741 | Orc:2    | Bought a glimmering falchion for 272 gold pieces
 25741 | Orc:2    | Identified the +7 falchion of the Bruised Suns {drain,
                  | Int+2 Stlth+} (You bought it in a shop on level 2 of the
                  | Orcish Mines)
 25934 | D:4      | Bought a +2 robe of resistance for 414 gold pieces
 26679 | D:12     | Noticed Snorg
 26688 | D:12     | Killed Snorg
 27849 | D:13     | Reached skill level 10 in Earth Magic
 28684 | D:13     | Found a gate to the Vaults.
 28784 | D:14     | Found an ornate altar of the Wu Jian Council.
 28820 | D:14     | Found a frozen archway.
 28878 | IceCv    | Entered an ice cave
 29067 | IceCv    | Learned a level 6 spell: Plasma Beam
 29323 | IceCv    | Identified the staff of fire "Zyxiycs" {rF+ Str+3 Dex+3}
 29490 | IceCv    | Offered knowledge of Fireball by Vehumet.
 29720 | IceCv    | Reached skill level 1 in Fire Magic
 29905 | IceCv    | Noticed a frost giant
 30299 | IceCv    | Killed a frost giant
 30340 | IceCv    | Noticed a frost giant
 30347 | IceCv    | Killed a frost giant
 30722 | D:14     | Reached XP level 16. HP: 93/93 MP: 34/34
 30728 | D:14     | You fall into a shaft and drop 1 floor!
 30728 | D:15     | Entered Level 15 of the Dungeon
 30741 | D:14     | Identified the amulet of Tille {Rampage Regen+ Dex-3
                  | Stlth+}
 31390 | D:14     | Reached XP level 17. HP: 97/97 MP: 31/36
 31923 | D:15     | Offered knowledge of Spellforged Servitor by Vehumet.
 32383 | D:15     | Found a staircase to the Depths.
 32909 | D:15     | Found a transporter.
 32912 | D:15     | Found a transporter.
 32912 | D:15     | Noticed Keluf's ghost (journeyman GrFi)
 33533 | D:3      | Killed 13Fox's ghost
 33750 | Spider:1 | Entered Level 1 of the Spider Nest
 33871 | Spider:1 | Reached skill level 11 in Earth Magic
 33995 | Spider:1 | HP: 3/99 [demonic crawler (7)]
 34289 | Spider:2 | Offered knowledge of Freezing Cloud by Vehumet.
 34492 | Spider:2 | Found a runed translucent gate.
 34492 | Spider:2 | Found a runed translucent gate.
 34493 | Spider:2 | Found a runed translucent gate.
 34497 | Spider:2 | Noticed Kilowitz's ghost (journeyman MiFi)
 35936 | Spider:1 | Offered knowledge of Maxwell's Capacitive Coupling by
                  | Vehumet.
 36978 | Spider:3 | Reached skill level 5 in Fire Magic
 37054 | Spider:3 | Reached XP level 18. HP: 92/104 MP: 14/37
 38005 | Spider:4 | Entered Level 4 of the Spider Nest
 38208 | Spider:4 | Reached ****** piety under Vehumet
 38421 | Spider:4 | Offered knowledge of Shatter by Vehumet.
 38421 | Spider:4 | Offered knowledge of Chain Lightning by Vehumet.
 38421 | Spider:4 | Offered knowledge of Ignition by Vehumet.
 39529 | Spider:4 | Reached skill level 12 in Earth Magic
 39529 | Spider:4 | Reached skill level 10 in Evocations
 40056 | Spider:4 | Got a gossamer rune of Zot
 40264 | Shoals:1 | Entered Level 1 of the Shoals
 40819 | Shoals:1 | Identified the +3 war axe of War {flame, *Slow Int+6 Dex+3}
 42141 | Shoals:2 | Found the +15 Maxwell's patent armour {-Cast -Tele rElec
                  | Will+ rCorr}
 42376 | Shoals:2 | Reached XP level 19. HP: 110/110 MP: 34/39
 42449 | Shoals:2 | Found a runed translucent door.
 42463 | Shoals:2 | Identified the +3 scale mail of the Desert {Contam rElec
                  | rF++ Stlth+}
 42910 | Shoals:3 | Noticed Jorgrun
 42921 | Shoals:3 | Killed Jorgrun
 43532 | Shoals:3 | Noticed Donald
 43538 | Shoals:3 | Killed Donald
 43600 | Shoals:3 | Reached skill level 13 in Earth Magic
 43912 | Shoals:3 | Reached skill level 15 in Spellcasting
 44452 | Shoals:4 | Entered Level 4 of the Shoals
 44525 | Shoals:4 | Paralysed by an air elemental for 1 turns
 44527 | Shoals:4 | Found a stormy altar of Qazlal.
 44955 | Shoals:4 | Paralysed by an air elemental for 1 turns
 45126 | Shoals:4 | Paralysed by an air elemental for 1 turns
 45129 | Shoals:4 | Paralysed by an air elemental for 1 turns
 45313 | Shoals:4 | Paralysed by an air elemental for 1 turns
 45316 | Shoals:4 | Paralysed by an air elemental for 1 turns
 45641 | Shoals:4 | Identified the ring "Raje" {+Blink rPois rC+ Will++ Str-4}
 46194 | Shoals:4 | Identified the +4 ring mail of Indecent Exposure {rC+ Str-2
                  | Int+2 Dex+3}
 46274 | Shoals:4 | Reached skill level 10 in Fighting
 46274 | Shoals:4 | Reached skill level 10 in Poison Magic
 46352 | Shoals:4 | Got a barnacled rune of Zot
 46354 | Shoals:4 | Identified the staff of death "Neigruij" {rF+ rN+ Will+}
 46361 | Shoals:4 | Identified the staff of death "Tugaas" {rN+ Str+2}
 46795 | Elf:1    | Entered Level 1 of the Elven Halls
 47244 | Elf:1    | Reached skill level 14 in Earth Magic
 47960 | Elf:1    | Got the Papyrus of Attendants
 48304 | Elf:2    | Reached XP level 20. HP: 38/117 MP: 6/41
 48420 | Elf:2    | Reached skill level 1 in Summonings
 48699 | Elf:2    | Paralysed by an air elemental for 1 turns
 49029 | Elf:1    | Found a shimmering altar of Xom.
 49170 | Elf:2    | Found a runed translucent gate.
 49170 | Elf:2    | Found a runed translucent gate.
 49170 | Elf:2    | Found a runed translucent gate.
 49525 | Elf:3    | Entered Level 3 of the Elven Halls
 50248 | Elf:3    | Identified the ring "Wuh Sig" {rC+ MP+9 SInv}
 50771 | Elf:3    | Got the Elucidation of Feathery Corruption
 50809 | Elf:3    | Identified the staff of conjuration "Guicu" {+Blink rPois
                  | Dex+3}
 50809 | Elf:3    | Identified the ring "Poag" {rN+ AC+4}
 50816 | Elf:3    | Reached skill level 15 in Earth Magic
 51027 | Elf:3    | Got the Grimoire of Anemomancy
 51029 | Elf:3    | Identified the +0 helmet of Valour {rPois}
 51033 | Elf:3    | Identified the +5 arbalest of Lousur {heavy, rPois Str+3
                  | Stlth-}
 51047 | Elf:3    | Reached skill level 15 in Dodging
 51143 | Elf:3    | Identified the +6 fire dragon scales "Vinadwem" {rF++ rC-
                  | Str-4 Slay+5}
 51760 | Elf:3    | Identified the +1 helmet of Tuurosh {Rampage}
 51775 | Elf:3    | Got Ruduakom's Octavo of the Shot and Superposition
 53061 | Lair:1   | Killed TrollFarmer's ghost
 53275 | D:15     | Killed Keluf's ghost
 54377 | Spider:2 | Reached XP level 21. HP: 112/124 MP: 20/43
 54718 | Spider:2 | Reached skill level 5 in Summonings
 55542 | Spider:2 | Identified the +5 pair of boots "Moaryj" {Harm rElec rF+
                  | Dex-3}
 55771 | Spider:2 | Killed Kilowitz's ghost
 55772 | Spider:2 | Reached skill level 16 in Earth Magic
 56898 | Vaults:1 | Entered Level 1 of the Vaults
 57855 | Vaults:1 | Found Tops's Weapon Boutique.
 58359 | Vaults:2 | Noticed Aizul
 58362 | Vaults:2 | Killed Aizul
 58388 | Vaults:2 | Reached skill level 15 in Conjurations
 59134 | Vaults:2 | Learned a level 5 spell: Lee's Rapid Deconstruction
 59416 | Vaults:2 | Found a staircase to the Crypt.
 59416 | Vaults:2 | Noticed Bai Suzhen
 60768 | Vaults:3 | Reached skill level 17 in Earth Magic
 60774 | Vaults:3 | an iron dragon changed into a caustic shrike
 60774 | Vaults:3 | Noticed a caustic shrike (glowing shapeshifter)
 60775 | Vaults:3 | a caustic shrike changed into a juggernaut
 60775 | Vaults:3 | Noticed a juggernaut (glowing shapeshifter)
 60776 | Vaults:3 | a juggernaut changed into a titan
 61652 | Vaults:4 | Reached XP level 22. HP: 132/132 MP: 45/45
 62173 | Vaults:4 | Reached skill level 10 in Shields
 62860 | Vaults:4 | Got the Handbook of the Shapeshifter
 62867 | Vaults:4 | Got the Papyrus of Incandescence
 62873 | Vaults:4 | Got Opnoupac's Omnibus of the Metallic Body
 62994 | Vaults:4 | Found a huge runed gate.
 62994 | Vaults:4 | Found a huge runed gate.
 62995 | Vaults:4 | Found a huge runed gate.
 62996 | Vaults:4 | Found a huge runed gate.
 62997 | Vaults:4 | Found a huge runed gate.
 62997 | Vaults:4 | Found a huge runed gate.
 62999 | Vaults:4 | Found a huge runed gate.
 62999 | Vaults:4 | Found a huge runed gate.
 63000 | Vaults:4 | Found a huge runed gate.
 63000 | Vaults:4 | Found a huge runed gate.
 63000 | Vaults:4 | Found a huge runed gate.
 63000 | Vaults:4 | Found a huge runed gate.
 63000 | Vaults:4 | Found a huge runed gate.
 63001 | Vaults:4 | Found a huge runed gate.
 63002 | Vaults:4 | Found a huge runed gate.
 63003 | Vaults:4 | Found a huge runed gate.
 63004 | Vaults:4 | Found a huge runed gate.
 63060 | Vaults:4 | Found a huge runed gate.
 63060 | Vaults:4 | Found a huge runed gate.
 63060 | Vaults:4 | Found a huge runed gate.
 63060 | Vaults:4 | Found a huge runed gate.
 63060 | Vaults:4 | Found a huge runed gate.
 63061 | Vaults:4 | Found a huge runed gate.
 63062 | Vaults:4 | Found a huge runed gate.
 63063 | Vaults:4 | Found a huge runed gate.
 63064 | Vaults:4 | Found a huge runed gate.
 63072 | Vaults:4 | Found a huge runed gate.
 63072 | Vaults:4 | Found a huge runed gate.
 63072 | Vaults:4 | Found a huge runed gate.
 63072 | Vaults:4 | Found a huge runed gate.
 63072 | Vaults:4 | Found a huge runed gate.
 63072 | Vaults:4 | Found a huge runed gate.
 63073 | Vaults:4 | Found a huge runed gate.
 63074 | Vaults:4 | Found a huge runed gate.
 63075 | Vaults:4 | Found a huge runed gate.
 63083 | Vaults:4 | Found a huge runed gate.
 63431 | Depths:1 | Entered Level 1 of the Depths
 63847 | Depths:1 | Found a sacrificial altar of Ru.
 64123 | Depths:1 | Noticed a juggernaut
 64159 | Depths:1 | Found a runed translucent gate.
 64159 | Depths:1 | Found a runed translucent gate.
 64160 | Depths:1 | Found a runed translucent gate.
 64187 | Depths:1 | Noticed Camaan's ghost (adept DgCj)
 64436 | Depths:1 | Found a gateway to Hell.
 64688 | Depths:2 | Reached skill level 18 in Earth Magic
 65468 | Depths:2 | Found Vucukkom's Weapon Shoppe.
 65677 | Depths:2 | Found a one-way gateway to a ziggurat.
 65848 | Depths:2 | Found a one-way gate leading to the halls of Pandemonium.
 65934 | Depths:2 | Identified the +10 plate armour of Eprol {Dex+2}
 66821 | Depths:3 | Got Sif Muna's Octavo of the Mantle and Oxidation
 66831 | Depths:3 | Learned a level 5 spell: Borgnjor's Vile Clutch
 66991 | Depths:3 | Noticed a caustic shrike
 66991 | Depths:3 | Noticed a caustic shrike
 66992 | Depths:3 | Noticed a caustic shrike
 66993 | Depths:3 | Noticed a caustic shrike
 66997 | Depths:3 | Killed a caustic shrike
 66999 | Depths:3 | Killed a caustic shrike
 67000 | Depths:3 | Reached skill level 1 in Necromancy
 67001 | Depths:3 | Killed a caustic shrike
 67001 | Depths:3 | Killed a caustic shrike
 67360 | Depths:3 | Reached XP level 23. HP: 138/138 MP: 47/47
 67511 | Depths:3 | Identified the staff of air "Hauh" {rElec rPois}
 67950 | Depths:3 | Found Tiwyl's General Store.
 67953 | Depths:3 | Found a one-way gate to the infinite horrors of the Abyss.
 68070 | Depths:4 | Entered Level 4 of the Depths
 69734 | Depths:4 | Found a gate to the Realm of Zot.
 69747 | Depths:4 | Reached skill level 19 in Earth Magic
 71340 | Vaults:2 | Killed Bai Suzhen
 72442 | Crypt:1  | Entered Level 1 of the Crypt
 72458 | Crypt:1  | You fall into a shaft and drop 1 floor!
 72919 | Crypt:2  | Noticed a dread lich
 72921 | Crypt:2  | Found a transporter.
 72970 | Crypt:2  | Reached skill level 5 in Necromancy
 73604 | Crypt:1  | Reached skill level 10 in Summonings
 74026 | Crypt:1  | Identified the +8 hand axe "Hyuqighucu" {drain, rPois
                  | Int+6}
 74685 | Crypt:2  | Identified the ring of Midwinter {rN+ Slay+2}
 74723 | Crypt:2  | Found a transporter.
 74870 | Crypt:2  | Reached XP level 24. HP: 75/147 MP: 27/48
 74957 | Crypt:2  | Identified the +1 ring mail of Instinct {Will+ Str+4 SInv}
 74963 | Crypt:2  | Identified the +5 longbow "Byrudgh" {antimagic, rPois Will+
                  | Str-2 Dex+3}
 75935 | Crypt:3  | Entered Level 3 of the Crypt
 77046 | Crypt:3  | Identified the +1 mace "Foosuz" {drain, rC+}
 77714 | Crypt:3  | Reached skill level 20 in Earth Magic
 78059 | Crypt:3  | Reached skill level 10 in Fire Magic
 78509 | Crypt:3  | Identified the ring of Hyvvuik {rF+ rN+ MP+9}
 78642 | Crypt:3  | Identified the ring of Sunlight {rN+ Will- Dex+9}
 78842 | Crypt:3  | Found a staircase to the Tomb.
 79596 | Crypt:3  | Found a basalt altar of Yredelemnul.
 80090 | Crypt:3  | Found an ancient bone altar of Kikubaaqudgha.
 80094 | Crypt:3  | Identified the ring "Tataes" {rN+ Will- Dex+6}
 80113 | Crypt:3  | Got Oddimuto's Compilation of Mortification
 80416 | Vaults:4 | Noticed Pileu's ghost (adept DsFE)
 80416 | Vaults:4 | Noticed Esoocrirph's ghost (veteran NaFi)
 80416 | Vaults:4 | Noticed Joextigh's ghost (veteran KoHu)
 80416 | Vaults:4 | Noticed Iluymox's ghost (adept KoBr)
 80416 | Vaults:4 | Noticed Yptir's ghost (adept AtFE)
 80416 | Vaults:4 | Noticed Joextigh's ghost (veteran KoHu)
 80416 | Vaults:4 | Noticed Joextigh's ghost (veteran KoHu)
 80417 | Vaults:4 | Noticed Pileu's ghost (adept DsFE)
 80550 | Vaults:4 | Killed Iluymox's ghost
 81127 | Vaults:3 | Killed Joextigh's ghost
 81128 | Vaults:3 | Reached skill level 10 in Air Magic
 81426 | Vaults:4 | Killed Yptir's ghost
 81508 | Vaults:4 | Killed Esoocrirph's ghost
 81711 | Vaults:4 | Killed Pileu's ghost
 81914 | Vaults:3 | Killed Joextigh's ghost
 82149 | Vaults:4 | Killed Pileu's ghost
 82224 | Vaults:4 | Identified the +11 shortbow "Qumeh" {freeze, rN+ Str-3
                  | Dex+4}
 82633 | Vaults:4 | Learned a level 5 spell: Arcjolt
 82640 | Vaults:5 | Entered Level 5 of the Vaults
 83778 | Vaults:4 | Killed Joextigh's ghost
 84101 | Vaults:5 | Reached skill level 15 in Fighting
 84114 | Vaults:5 | Reached skill level 21 in Earth Magic
 84512 | Vaults:5 | Reached XP level 25. HP: 115/155 MP: 33/49
 84801 | Vaults:5 | Identified the staff of cold "Zekhleg" {rF+ rC+ Dex+2}
 86099 | Vaults:5 | Identified the staff of death "Magunuck" {rN+ Str+2 Stlth+}
 86103 | Vaults:5 | Identified the +7 falchion of the Pits of Slime {heavy,
                  | rPois rF+ Str+2 Dex-2}
 86410 | Vaults:5 | Identified the +8 war axe of Balance {spect, rElec Dex+3}
 86569 | Vaults:5 | Identified the ring of Sah Omp {Ice Str+2 Slay+3}
 86712 | Vaults:5 | Found Sinyass's Armour Boutique.
 86971 | Vaults:5 | Found the +2 cloak of the Thief {*Fog Slay-2 SInv Stlth+}
 86982 | Vaults:5 | Identified the staff of conjuration "Unyox" {Will+ Stlth+}
 87005 | Vaults:5 | Got a silver rune of Zot
 87255 | Vaults:5 | Identified the +3 leather armour of Tartarus {Fly Int+3}
 87256 | Vaults:5 | Identified the +6 dagger "Huazudde" {flame, Int+2}
 87662 | Vaults:5 | Found Qiafun's Jewellery Shoppe.
 87851 | Vaults:5 | Bought the ring of Zilax {rElec rCorr Stlth+} for 625 gold
                  | pieces
 88171 | Vaults:5 | Got Sif Muna's Papyrus of Grit and the Charnel House
 88506 | Slime:1  | Entered Level 1 of the Pits of Slime
 88667 | Slime:1  | Reached skill level 22 in Earth Magic
 89752 | Slime:2  | Gained mutation: You are frail. (-10% HP) [a shining eye]
 92443 | Slime:5  | Entered Level 5 of the Pits of Slime
 93130 | Slime:5  | Noticed the Royal Jelly
 93163 | Slime:5  | Reached XP level 26. HP: 147/147 MP: 48/50
 93198 | Slime:5  | Gained mutation: You expend magic power (3 MP) to
                  | strengthen your wands. [a shining eye]
 93647 | Slime:5  | Killed the Royal Jelly
 94228 | Slime:5  | Identified the +4 great sword "Kimibbuj" {speed, Fly Will-
                  | Str+2}
 94257 | Slime:5  | Got a slimy rune of Zot
 94258 | Slime:5  | Identified the +5 whip of the Manifold Wishes {freeze,
                  | Drain rElec Dex+5}
 94259 | Slime:5  | Identified the +7 great sword of Havoc {flame, rC+}
 94279 | Slime:5  | Identified the +5 flail "Qyam" {pain, rC+}
 94281 | Slime:5  | Identified the staff of earth "Mowa" {rElec Will+}
 94300 | Slime:5  | Identified the +1 scimitar of the Middle {distort, rN+
                  | Will- Stlth+}
 94315 | Slime:5  | Identified the +8 halberd of a volcano {pain, rN+}
 94328 | Slime:5  | Identified the +0 cloak of Yxzoed {Rampage Drain rElec
                  | Str+7}
 94329 | Slime:5  | Identified the staff of conjuration "Jarhur" {Fragile Str+4
                  | Int+3}
 94439 | Slime:5  | Learned a level 9 spell: Shatter
 94461 | Slime:5  | Learned a level 8 spell: Lehudib's Crystal Spear
 94854 | Zot:1    | Entered Level 1 of the Realm of Zot
 96283 | Zot:2    | Reached skill level 1 in Transmutations
 96648 | Zot:2    | Reached skill level 23 in Earth Magic
 96651 | Zot:2    | Noticed an orb of fire
 97187 | Zot:2    | You are sucked into a shaft and drop 2 floors!
 97629 | Zot:2    | Identified the +0 short sword "Xase" {pain, rN++ Int-4}
 98142 | Zot:2    | Learned a level 7 spell: Spellforged Servitor
 98957 | Zot:2    | Killed an orb of fire
 99460 | Zot:2    | Identified a scroll of acquirement
 99468 | Zot:2    | Acquired 519 gold pieces
 99498 | Zot:2    | Identified the amulet of Opis {*Slow rPois Regen+ MP-9
                  | Int+8}
 99599 | Zot:2    | Identified the +1 robe of Resilience {+Blink Stlth+}
100237 | Zot:3    | Reached skill level 5 in Transmutations
100641 | Zot:3    | Slain by a yellow draconian

Illustrated notes

Levels and vault maps discovered:
D:1:      enne_arrival_octagon_isle, layout_basic,
          shapermc_ecumenical_altar_hornbeckon
D:2:      layout_basic, hex_intersection, uniq_terence
D:3:      layout_basic, ebering_ghost_disaster_area
D:4:      cheibrodos_quashed, layout_rooms, grunt_temple_overflow_open,
          nicolae_sif_muna_condensation, marbit_many_paths,
          minmay_temple_entry_drinking_statues, serial_shops, shop,
          nicolae_figureground_pulse, uniq_robin
D:5:      layout_loops_cross, gammafunk_temple_overflow_pools, serial_shops,
          kennysheep_little_box, sigmund_army
D:6:      layout_rooms
D:7:      layout_rooms, uniq_maggie
D:8:      layout_gridville, minmay_lair_entry_grove, serial_shops,
          nicolae_take_the_stairs, wad_dig_loot
D:9:      layout_gridville, vehumet_statue
D:10:     layout_rooms
D:11:     layout_basic, minmay_misc_feat_secret_circle,
          minmay_guarded_unrand_staff_of_olgreb, uniq_erica
D:12:     layout_basic, david_orc_3, uniq_snorg
D:13:     layout_roguey, erik_vaults_1, hangedman_parallel_progression
D:14:     layout_cave_pods, portal_ice_cave_entry_pillars_2,
          nicolae_wu_jian_wuxing_cycle, st_stairs_12
D:15:     hangedman_depths_entry_civil_slaughter, layout_stronghold,
          gammafunk_ghost_arena, fountainhead
Temple:   nicolae_temple_x_marks_the_god
Lair:1:   beast_lair_carwin_large_3, layout_regular_city,
          ebering_ghost_rock_garden, basic_altar,
          grunt_forest_small_clearing_treed
Lair:2:   layout_small_grid, serial_forest, infiniplex_forest_clump_diagonal,
          infiniplex_forest_clump_curved, infiniplex_forest_clump_medium,
          infiniplex_forest_clump_diagonal, infiniplex_forest_lined_3, pond,
          uniq_nergalle
Lair:3:   layout_cave_pods, minmay_shoals_entry_centaurs,
          spider_nest_entry_funnel_web
Lair:4:   layout_misc_corridors, infiniplex_staircase_pool_2,
          lemuel_fruit_fields, serial_bayou_shore_a, lemuel_fruit_fields
Lair:5:   minmay_lair_end_frog_pond, layout_cave_pods, slime_entry_1,
          pdpol_lair_neglected_garden, serial_bayou_shore_b
Shoals:1: layout_shoals, nicolae_shoals_cliffside_cave
Shoals:2: layout_shoals, lightli_airlock
Shoals:3: layout_shoals, uniq_jorgrun, uniq_donald
Shoals:4: shoals_end_hellmonk_storm_palace [storm_palace_center_ruins,
          storm_palace_corner_pillars, storm_palace_corner_grid,
          storm_palace_corner_narrow, storm_palace_corner_altar], serial_shops
Spider:1: layout_spider_delve
Spider:2: layout_spider_delve, gammafunk_ghost_tricky_traps
Spider:3: layout_spider_delve, nicolae_spider_wall_of_niches
Spider:4: floodkiller_spider_rune_tomb
Slime:1:  layout_caves
Slime:2:  layout_caves, nicolae_slime_getting_an_eyeful
Slime:3:  layout_caves
Slime:4:  layout_caves
Slime:5
Orc:1:    layout_caves, basic_altar, elf_legates
Orc:2:    st_orc_rangers, layout_caves
Elf:1:    elf_arrival_002, layout_rooms, minmay_elf_demonology, drop_trap,
          lemuel_upstairs_altar
Elf:2:    elven_hall_of_blades_hangedman_original [nicolae_blade_bullseye],
          layout_geoelf_grid, grunt_ministairs_7, kennysheep_underground_church
Elf:3:    nooodl_elf_gasket, layout_geoelf_octagon
Vaults:1: dpeg_vaults_monster_box, nicolae_vaults_taking_the_gang_shopping,
          nicolae_vaults_shipping_containers_6, v_misc_24, v_pattern_4,
          nicolae_vaults_specimen_jars, nicolae_vaults_trapezoid_lopsided_1,
          nicolae_vaults_angled_halls, nicolae_vaults_variable_pillar_hall,
          layout_vaults_omnigrid
Vaults:2: hangedman_vaults_hat, nicolae_vaults_network_quincunx
          [nicolae_vaults_network_quincunx_subvault,
          nicolae_vaults_network_quincunx_subvault,
          nicolae_vaults_network_quincunx_subvault,
          nicolae_vaults_network_quincunx_subvault,
          nicolae_vaults_network_quincunx_subvault], nicolae_vaults_trapezoid_4,
          minmay_crypt_entry_simple_statues, nicolae_vaults_network_periphery,
          nicolae_vaults_shipping_containers_7, nicolae_vaults_border_crossing,
          nicolae_vaults_storage_closets_1,
          nicolae_vaults_variable_pillar_hall_cross, vaults_room_large_hall,
          hangedman_vaults_stream, ontoclasm_vaults_gateway,
          layout_vaults_maze_bifur, uniq_aizul, uniq_bai_suzhen
Vaults:3: vaults_dpeg_encased_lava, nicolae_vaults_trapezoid_3,
          nicolae_vaults_minivaults, nicolae_vaults_offset_grid_hallway_4,
          hangedman_vaults_corner, vaults_room_grunt_arrival_ludios,
          nicolae_vaults_wrenched, grunt_vaults_funnel,
          nicolae_vaults_rhombus_5, nicolae_vaults_little_squares_4,
          nicolae_vaults_surprise_closet, nicolae_vaults_trapezoid_lopsided_1,
          layout_vaults_chaotic_city
Vaults:4: gammafunk_ghost_door_vault, nicolae_vaults_circle_grid_a, v_misc_5,
          nicolae_vaults_oval_intersection, nicolae_vaults_library_corner,
          nicolae_vaults_alarming, serial_ice_g, nicolae_vaults_tangram_2,
          ontoclasm_vaults_hangar, v_alt_pattern_2, layout_vaults_ring
Vaults:5: serial_shops
Crypt:1:  layout_chaotic_city, grunt_crypt_arrival_webbed, grunt_megastairs_5
Crypt:2:  gammafunk_the_bubble [the_bubble_gammafunk_crates],
          layout_regular_city, st_burial_chamber
Crypt:3:  lightli_unholy_cathedral, layout_chaotic_city,
          tomb_entry_simple_bobbens, chequers_big_river
Depths:1: layout_basic, nrook_mini_vaults, grunt_hell_entry_dis_grunt,
          gammafunk_ghost_split, nicolae_ru_awakened_eye
Depths:2: kennysheep_ambush_hall, layout_basic, enter_ziggurat_a, hellmouth_1,
          serial_shops, shop, rand_demon_pan_entry_3
Depths:3: dreamdust_merry_men, layout_cave_pools, lightli_too_deep,
          serial_shops, shop, abyss_entry
Depths:4: grunt_x_marks_the_spot, layout_gridville, hell_entry
Zot:1:    layout_misc_corridors
Zot:2:    kennysheep_oblong_rooms, layout_basic,
          hangedman_zot_decor_checkerboard, hangedman_player_shredder
Zot:3:    layout_gridlike
Zot:4:    layout_basic, st_stairs_4

Skill      XL: |  1  2  3  4  5  6  7  8  9 10 11 12 13 14 15 16 17 18 19 20 21 22 23 24 25 26 |
---------------+-------------------------------------------------------------------------------+-----
Earth Magic    | 1 2 3 4 5 6 7 8 9 10 11 12 14 15 17 18 19 21 22 23 | 23.7
Poison Magic   | 1 2 3 4 5 6 7 8 9 10 11 12 13 | 13.9
Dodging        | 3 4 5 6 8 9 10 11 12 13 14 15 16 17 19 21 | 21.0
Stealth        | 3 4 5 6 7 8 9 10 11 12 13 | 13.0
Armour         | 1 2 3 4 6 7 8 |  8.0
Fighting       | 1 2 3 4 5 6 7 8 9 10 11 12 13 15 16 | 16.8
Short Blades   | 1 2 |  2.0
Spellcasting   | 4 5 6 7 8 9 10 11 12 13 14 15 16 17 18 19 20 21 22 | 22.4
Conjurations   | 5 6 7 8 9 10 11 12 13 14 15 16 17 18 19 | 19.5
Air Magic      | 1 2 3 5 7 9 10 | 10.0
Throwing       | 1 2 3 |  3.0
Evocations     | 1 2 3 4 5 6 8 9 10 | 10.0
Staves         | 2 3 4 6 7 |  7.0
Shields        | 1 2 3 4 5 6 7 8 9 10 | 10.0
Translocations | 2 4 5 |  5.0
Long Blades    | 1 3 4 5 6 |  6.8
Fire Magic     | 2 3 5 6 7 8 9 10 | 10.0
Summonings     | 4 7 8 10 | 10.4
Necromancy     | 1 5 |  5.0
Transmutations | 5 |  5.0

Action                     |  1- 3 |  4- 6 |  7- 9 | 10-12 | 13-15 | 16-18 | 19-21 | 22-24 | 25-27 || total
---------------------------+-------+-------+-------+-------+-------+-------+-------+-------+-------++-------
  Melee: Dagger            |       |     4 |    19 |    40 |     5 |       |       |       |       ||    68
         Staff             |       |       |       |       |    18 |    12 |    10 |     4 |     9 ||    53
  Throw: Dart              |       |       |     5 |     3 |     4 |     1 |       |       |       ||    13
         Throwing net      |       |       |     1 |     2 |       |       |       |       |       ||     3
   Cast: Magic Dart        |    74 |    92 |    70 |    84 |    87 |    41 |    53 |    47 |    89 ||   637
         Searing Ray       |     5 |    22 |    21 |     6 |     1 |     5 |     1 |       |       ||    61
         Poisonous Vapours |       |     5 |     2 |    33 |   176 |   246 |   431 |   191 |   112 ||  1196
         Stone Arrow       |       |     1 |   101 |   213 |   279 |    42 |     4 |    39 |     6 ||   685
         Olgreb's Toxic Ra |       |       |     3 |    26 |    61 |    40 |    55 |    37 |    20 ||   242
         Iskenderun's Myst |       |       |       |    41 |    14 |    24 |    22 |    96 |    27 ||   224
         Passwall          |       |       |       |     5 |     1 |       |       |       |       ||     6
         Ignite Poison     |       |       |       |       |   136 |   235 |   345 |   167 |   103 ||   986
         Iron Shot         |       |       |       |       |    43 |   163 |   211 |   551 |   442 ||  1410
         Plasma Beam       |       |       |       |       |       |       |     3 |     5 |     2 ||    10
         Borgnjor's Vile C |       |       |       |       |       |       |       |   147 |   118 ||   265
         Lee's Rapid Decon |       |       |       |       |       |       |       |    20 |       ||    20
         Mephitic Cloud    |       |       |       |       |       |       |       |     2 |     3 ||     5
         Lehudib's Crystal |       |       |       |       |       |       |       |       |    39 ||    39
         Spellforged Servi |       |       |       |       |       |       |       |       |     3 ||     3
         Arcjolt           |       |       |       |       |       |       |       |       |     1 ||     1
Ability: Evoke the Staff o |       |       |       |       |     7 |     8 |       |       |       ||    15
  Evoke: Wand              |       |       |     1 |       |       |     5 |     3 |    11 |     3 ||    23
         Lightning rod     |       |       |       |       |       |       |     3 |       |       ||     3
         Phial of floods   |       |       |       |       |       |       |       |     1 |       ||     1
         Phantom mirror    |       |       |       |       |       |       |       |       |     1 ||     1
    Use: Scroll            |       |     8 |     7 |     6 |    19 |     7 |     9 |    11 |     9 ||    76
         Potion            |       |       |     5 |     1 |     2 |     5 |     4 |    11 |     5 ||    33
   Stab: Sleeping          |       |       |     1 |       |     2 |       |       |       |       ||     3
 Armour: Robe              |     2 |    12 |    23 |    17 |    10 |    52 |    40 |    59 |     2 ||   217
         Skin              |       |       |     6 |       |     1 |       |       |       |       ||     7
         Steam dragon scal |       |       |       |    12 |    43 |       |       |       |       ||    55
         Swamp dragon scal |       |       |       |       |     8 |       |       |       |       ||     8
         Leather armour    |       |       |       |       |       |       |       |       |    37 ||    37
  Dodge: Dodged            |     3 |    21 |    84 |   128 |   150 |   110 |   100 |   106 |    80 ||   782
  Block: Other             |       |     2 |    42 |     9 |       |       |       |       |       ||    53
         Reflection        |       |       |     5 |     3 |    24 |    16 |    44 |    29 |    16 ||   137
         Buckler           |       |       |       |    45 |    71 |    46 |       |       |       ||   162
         Kite shield       |       |       |       |       |       |    13 |   171 |   202 |    96 ||   482

Table legend: (Time is in decaauts)
 A = Elapsed time spent in this place.
 B = Non-inter-level travel time spent in this place.
 C = Inter-level travel time spent in this place.
 D = Time resting spent in this place.
 E = Time spent auto-exploring this place.
 F = Levels seen in this place.
 G = Mean time per level.
                   A        B        C        D        E       F      G
               +--------+--------+--------+--------+--------+-----+--------+
         Total | 100876 |  91205 |   9671 |  27644 |  47507 |  56 | 1801.4 |
       Dungeon |  25142 |  20868 |   4274 |   5296 |  12336 |  15 | 1676.1 |
        Temple |     65 |     58 |      7 |      0 |     53 |   1 |   65.0 |
          Lair |   7924 |   6837 |   1087 |   1298 |   4174 |   5 | 1584.8 |
        Shoals |   6817 |   6370 |    447 |   1537 |   3918 |   4 | 1704.2 |
   Spider Nest |   9044 |   8113 |    931 |   2004 |   4512 |   4 | 2261.0 |
    Slime Pits |   6010 |   5493 |    517 |   2471 |   2062 |   5 | 1202.0 |
  Orcish Mines |   2218 |   2059 |    159 |    563 |   1085 |   2 | 1109.0 |
   Elven Halls |   6017 |   5710 |    307 |   1938 |   2726 |   3 | 2005.7 |
        Vaults |  15369 |  14555 |    814 |   4376 |   7760 |   5 | 3073.8 |
         Crypt |   7839 |   7549 |    290 |   3133 |   2984 |   3 | 2613.0 |
        Depths |   7453 |   6737 |    716 |   1840 |   3733 |   4 | 1863.2 |
           Zot |   5142 |   5022 |    120 |   2217 |   1833 |   4 | 1285.5 |
      Ice Cave |   1829 |   1829 |      0 |    968 |    329 |   1 | 1829.0 |
               +--------+--------+--------+--------+--------+-----+--------+

Top non-repeatable levels by time:
Spider:2: 4851 daAuts
Vaults:5: 4173 daAuts
Vaults:4: 3945 daAuts
 Crypt:3: 3529 daAuts
Vaults:3: 3117 daAuts
     D:5: 3059 daAuts
     D:8: 2878 daAuts
 Crypt:2: 2726 daAuts
Vaults:2: 2658 daAuts
   Elf:2: 2563 daAuts
   Zot:2: 2498 daAuts
Depths:4: 2378 daAuts
  Lair:3: 2237 daAuts
Spider:4: 2188 daAuts
   Elf:3: 2157 daAuts
